[ AOE2 MATCH · #495301085 ]
UnrankedTatars vs Vikings
Player's team · WIN
Rival team · LOSS
[ REPLAY ANALYSIS · EXTRACTED FROM THE RECORDED GAME ]
Feudal
9:43
Castle
16:27
Imperial
—
| APM avg | 69.0 |
| APM peak | 106 |
| eAPM avg | 32.1 |
| Villagers / military | 52 / 37 |
Focus
⚔️ 44.9% · 🌾 55.1%
Cavalry Archer ×25 · Fishing Ship ×13 · Mangonel ×8 · Fire Galley ×2 · Unknown (2626) ×2 · Scorpion ×1
Feudal
10:57
Castle
17:16
Imperial
—
| APM avg | 45.0 |
| APM peak | 71 |
| eAPM avg | 22.7 |
| Villagers / military | 44 / 27 |
Focus
⚔️ 40.1% · 🌾 59.9%
Fishing Ship ×19 · Scorpion ×9 · Militia ×8 · Battering Ram ×4 · Knight ×3 · Mangonel ×3
Match map
Initial resources + every placement click. Lines = walls · curves = elevation contours. ◆ gold · ⬟ stone · ● berries · ✦ relic · ◌ wall gap
Your base· Open — unwalled flank
MatzeAoE's base· Open — unwalled flank
Smoothed initial terrain · ◌ = detected wall gap · hover for details
Inputs per minute
— LE | Dimo - - MatzeAoE
Build order — LE | Dimo
First 150 of 167 actions detected
| 0:01 | Create | Villager (Male) |
| 0:02 | Build | House |
| 0:02 | Build | House |
| 0:10 | Create | Villager (Male) |
| 0:17 | Create | Villager (Male) |
| 0:32 | Create | Villager (Male) |
| 0:32 | Create | Villager (Male) |
| 1:14 | Create | Villager (Male) |
| 1:14 | Create | Villager (Male) |
| 1:25 | Build | Lumber Camp |
| 1:45 | Create | Villager (Male) |
| 1:45 | Create | Villager (Male) |
| 2:11 | Create | Villager (Male) |
| 2:11 | Create | Villager (Male) |
| 2:30 | Create | Villager (Male) |
| 3:10 | Create | Villager (Male) |
| 3:10 | Create | Villager (Male) |
| 3:37 | Create | Villager (Male) |
| 3:41 | Build | Dock |
| 3:49 | Build | House |
| 4:03 | Create | Villager (Male) |
| 4:30 | Create | Fishing Ship |
| 4:37 | Create | Villager (Male) |
| 4:42 | Create | Villager (Male) |
| 4:42 | Create | Villager (Male) |
| 4:56 | Build | House |
| 5:07 | Create | Villager (Male) |
| 5:16 | Create | Fishing Ship |
| 5:17 | Create | Fishing Ship |
| 5:44 | Create | Villager (Male) |
| 5:55 | Create | Fishing Ship |
| 5:55 | Create | Fishing Ship |
| 6:14 | Create | Villager (Male) |
| 6:36 | Create | Villager (Male) |
| 6:37 | Create | Fishing Ship |
| 6:48 | Build | House |
| 6:52 | Build | House |
| 7:08 | Research | Loom |
| 7:33 | Research | Feudal Age |
| 7:33 | Research | Feudal Age |
| 7:44 | Build | Lumber Camp |
| 8:29 | Build | House |
| 8:39 | Build | Mining Camp |
| 8:46 | Create | Villager (Male) |
| 9:08 | Create | Fishing Ship |
| 9:16 | Build | Palisade Wall |
| 9:17 | Build | Palisade Wall |
| 9:21 | Build | Dock |
| 9:29 | Build | Palisade Wall |
| 9:43 | Age | Feudal Age |
| 9:45 | Research | Double-Bit Axe |
| 9:48 | Create | Fishing Ship |
| 10:00 | Create | Fishing Ship |
| 10:02 | Create | Villager (Male) |
| 10:16 | Create | Villager (Male) |
| 10:26 | Create | Villager (Male) |
| 10:29 | Build | Mill |
| 10:38 | Build | House |
| 10:38 | Create | Fishing Ship |
| 10:43 | Create | Villager (Male) |
| 10:44 | Create | Fire Galley |
| 10:49 | Create | Fishing Ship |
| 11:12 | Create | Villager (Male) |
| 11:33 | Create | Fire Galley |
| 11:33 | Create | Villager (Male) |
| 11:34 | Create | Fishing Ship |
| 11:42 | Build | Blacksmith |
| 12:09 | Create | Villager (Male) |
| 12:18 | Create | Fishing Ship |
| 12:25 | Create | Villager (Male) |
| 12:26 | Build | House |
| 12:38 | Build | Market |
| 12:44 | Build | House |
| 12:45 | Research | Town Watch |
| 12:46 | Research | Town Watch |
| 12:51 | Create | Villager (Male) |
| 13:35 | Create | Unit 2626 |
| 13:47 | Research | Castle Age |
| 13:47 | Research | Castle Age |
| 13:53 | Build | House |
| 13:56 | Build | Barracks |
| 14:01 | Research | Gold Mining |
| 14:20 | Create | Villager (Male) |
| 14:27 | Create | Unit 2626 |
| 14:34 | Create | Demolition Raft |
| 14:40 | Build | Palisade Wall |
| 14:47 | Research | Fletching |
| 14:48 | Research | Fletching |
| 15:02 | Build | Archery Range |
| 15:50 | Build | Archery Range |
| 16:24 | Create | Villager (Male) |
| 16:27 | Age | Castle Age |
| 16:28 | Build | Palisade Wall |
| 16:30 | Create | Cavalry Archer |
| 16:30 | Create | Cavalry Archer |
| 16:32 | Research | Bodkin Arrow |
| 16:34 | Create | Villager (Male) |
| 16:38 | Build | Siege Workshop |
| 16:41 | Research | Bow Saw |
| 16:41 | Research | Bow Saw |
| 16:50 | Create | Cavalry Archer |
| 17:01 | Create | Cavalry Archer |
| 17:01 | Create | Cavalry Archer |
| 17:02 | Create | Cavalry Archer |
| 17:11 | Research | Wheelbarrow |
| 17:14 | Create | Cavalry Archer |
| 17:21 | Research | Padded Archer Armor |
| 17:32 | Create | Scorpion |
| 17:34 | Build | House |
| 17:36 | Build | House |
| 17:46 | Create | Cavalry Archer |
| 17:46 | Create | Cavalry Archer |
| 18:09 | Create | Villager (Male) |
| 18:18 | Build | Stable |
| 18:25 | Create | Villager (Male) |
| 18:35 | Create | Mangonel |
| 18:36 | Create | Mangonel |
| 18:53 | Build | House |
| 19:04 | Create | Mangonel |
| 19:05 | Create | Mangonel |
| 19:08 | Build | House |
| 19:10 | Build | House |
| 19:20 | Create | Villager (Male) |
| 19:33 | Create | Villager (Male) |
| 19:36 | Create | Cavalry Archer |
| 19:36 | Create | Cavalry Archer |
| 19:55 | Create | Cavalry Archer |
| 19:55 | Create | Cavalry Archer |
| 20:04 | Create | Cavalry Archer |
| 20:04 | Create | Villager (Male) |
| 20:07 | Build | University |
| 20:09 | Research | Gold Shaft Mining |
| 20:09 | Research | Gold Shaft Mining |
| 20:26 | Research | Husbandry |
| 20:29 | Create | Villager (Male) |
| 20:32 | Create | Cavalry Archer |
| 20:32 | Create | Cavalry Archer |
| 20:39 | Create | Villager (Male) |
| 20:44 | Create | Cavalry Archer |
| 20:44 | Create | Cavalry Archer |
| 20:56 | Build | Town Center |
| 21:04 | Research | Bloodlines |
| 21:04 | Create | Cavalry Archer |
| 21:11 | Build | House |
| 21:32 | Create | Villager (Male) |
| 21:42 | Create | Villager (Male) |
| 21:56 | Create | Villager (Male) |
| 21:58 | Create | Villager (Male) |
| 22:00 | Create | Mangonel |
| 22:00 | Create | Mangonel |
Build order — MatzeAoE
147 actions detected in the replay
| 0:00 | Create | Villager (Male) |
| 0:01 | Create | Villager (Male) |
| 0:02 | Build | House |
| 0:03 | Build | House |
| 0:08 | Create | Villager (Male) |
| 0:08 | Create | Villager (Male) |
| 0:08 | Create | Villager (Male) |
| 1:24 | Create | Villager (Male) |
| 1:30 | Build | Lumber Camp |
| 1:52 | Create | Villager (Male) |
| 2:11 | Create | Villager (Male) |
| 2:11 | Create | Villager (Male) |
| 2:37 | Create | Villager (Male) |
| 2:37 | Create | Villager (Male) |
| 2:50 | Create | Villager (Male) |
| 3:16 | Create | Villager (Male) |
| 3:16 | Create | Villager (Male) |
| 3:19 | Build | House |
| 4:06 | Create | Villager (Male) |
| 4:07 | Create | Villager (Male) |
| 4:18 | Create | Villager (Male) |
| 4:54 | Create | Villager (Male) |
| 4:54 | Create | Villager (Male) |
| 5:13 | Create | Villager (Male) |
| 5:21 | Create | Villager (Male) |
| 5:37 | Build | Dock |
| 5:45 | Build | Dock |
| 5:55 | Build | House |
| 5:57 | Build | House |
| 5:58 | Create | Villager (Male) |
| 5:58 | Create | Villager (Male) |
| 6:07 | Create | Villager (Male) |
| 6:08 | Create | Villager (Male) |
| 6:16 | Create | Fishing Ship |
| 6:21 | Create | Fishing Ship |
| 6:31 | Create | Villager (Male) |
| 7:01 | Create | Villager (Male) |
| 7:03 | Create | Fishing Ship |
| 7:05 | Create | Fishing Ship |
| 7:06 | Create | Fishing Ship |
| 7:30 | Create | Villager (Male) |
| 7:31 | Create | Fishing Ship |
| 7:33 | Build | House |
| 7:51 | Create | Fishing Ship |
| 7:51 | Create | Fishing Ship |
| 8:04 | Create | Villager (Male) |
| 8:12 | Create | Fishing Ship |
| 8:13 | Research | Loom |
| 8:40 | Create | Fishing Ship |
| 8:47 | Research | Feudal Age |
| 9:12 | Create | Fishing Ship |
| 9:18 | Build | House |
| 9:31 | Create | Fishing Ship |
| 9:31 | Create | Fishing Ship |
| 9:40 | Build | Mining Camp |
| 9:44 | Build | House |
| 9:58 | Create | Villager (Male) |
| 10:03 | Create | Fishing Ship |
| 10:30 | Create | Fishing Ship |
| 10:30 | Create | Fishing Ship |
| 10:50 | Build | Dock |
| 10:54 | Create | Villager (Male) |
| 10:57 | Age | Feudal Age |
| 11:03 | Research | Double-Bit Axe |
| 11:03 | Research | Double-Bit Axe |
| 11:08 | Build | Palisade Wall |
| 11:09 | Build | Palisade Wall |
| 11:12 | Build | Palisade Wall |
| 11:15 | Build | Palisade Wall |
| 11:20 | Build | Palisade Wall |
| 11:32 | Create | Villager (Male) |
| 11:40 | Create | Unit 2626 |
| 11:49 | Create | Villager (Male) |
| 11:57 | Create | Villager (Male) |
| 12:20 | Create | Unit 2626 |
| 12:21 | Create | Villager (Male) |
| 12:34 | Create | Unit 2626 |
| 12:39 | Build | Mill |
| 12:41 | Create | Fishing Ship |
| 12:41 | Create | Fishing Ship |
| 12:45 | Build | House |
| 13:12 | Build | House |
| 13:13 | Build | House |
| 13:40 | Create | Villager (Male) |
| 13:42 | Build | Market |
| 13:43 | Build | Blacksmith |
| 14:02 | Create | Villager (Male) |
| 14:23 | Create | Fishing Ship |
| 14:25 | Build | House |
| 14:36 | Research | Castle Age |
| 14:36 | Research | Castle Age |
| 14:56 | Build | House |
| 15:08 | Build | Barracks |
| 15:53 | Research | Man-at-Arms (upgrade) |
| 15:53 | Create | Militia |
| 15:55 | Build | Barracks |
| 15:58 | Build | House |
| 16:17 | Create | Villager (Male) |
| 16:33 | Create | Militia |
| 16:34 | Create | Militia |
| 16:37 | Research | Scale Mail Armor |
| 16:40 | Build | House |
| 16:45 | Create | Militia |
| 16:46 | Create | Militia |
| 17:16 | Age | Castle Age |
| 17:19 | Build | Siege Workshop |
| 17:25 | Research | Long Swordsman (upgrade) |
| 17:25 | Research | Long Swordsman (upgrade) |
| 17:29 | Research | Gambesons |
| 17:29 | Research | Squires |
| 17:34 | Build | Siege Workshop |
| 17:43 | Create | Villager (Male) |
| 17:50 | Create | Scorpion |
| 18:03 | Create | Villager (Male) |
| 18:18 | Create | Scorpion |
| 18:19 | Create | Villager (Male) |
| 18:22 | Build | University |
| 18:27 | Build | Siege Workshop |
| 18:29 | Create | Scorpion |
| 18:34 | Build | Mining Camp |
| 18:37 | Build | Lumber Camp |
| 18:39 | Build | House |
| 18:58 | Create | Scorpion |
| 19:14 | Research | Ballistics |
| 19:14 | Research | Ballistics |
| 19:20 | Create | Battering Ram |
| 19:20 | Create | Battering Ram |
| 19:28 | Create | Villager (Male) |
| 19:47 | Create | Mangonel |
| 19:47 | Create | Mangonel |
| 20:00 | Create | Villager (Male) |
| 20:02 | Build | Stable |
| 20:06 | Build | Mining Camp |
| 20:10 | Create | Scorpion |
| 20:18 | Create | Militia |
| 20:18 | Create | Militia |
| 20:18 | Create | Militia |
| 20:32 | Create | Knight |
| 20:44 | Build | House |
| 21:03 | Create | Battering Ram |
| 21:03 | Create | Battering Ram |
| 21:11 | Create | Villager (Male) |
| 21:54 | Create | Mangonel |
| 22:01 | Create | Knight |
| 22:10 | Build | House |
| 22:17 | Create | Knight |
| 22:50 | Create | Scorpion ×4 |
Match timeline
| 3:41 | LE | Dimo · first_building Dock |
| 5:37 | MatzeAoE · first_building Dock |
| 9:16 | LE | Dimo · wall_segment Palisade Wall x1 |
| 9:17 | LE | Dimo · wall_segment Palisade Wall x1 |
| 9:29 | LE | Dimo · wall_segment Palisade Wall x1 |
| 9:43 | LE | Dimo · age_up feudal |
| 10:57 | MatzeAoE · age_up feudal |
| 11:08 | MatzeAoE · wall_segment Palisade Wall x1 |
| 11:09 | MatzeAoE · wall_segment Palisade Wall x1 |
| 11:12 | MatzeAoE · wall_segment Palisade Wall x1 |
| 11:15 | MatzeAoE · wall_segment Palisade Wall x1 |
| 11:20 | MatzeAoE · wall_segment Palisade Wall x1 |
| 13:47 | LE | Dimo · first_market_sell 100 food |
| 13:56 | LE | Dimo · first_building Barracks |
| 14:40 | LE | Dimo · wall_segment Palisade Wall x1 |
| 15:02 | LE | Dimo · first_building Archery Range |
| 15:08 | MatzeAoE · first_building Barracks |
| 16:27 | LE | Dimo · age_up castle |
| 16:28 | LE | Dimo · wall_segment Palisade Wall x1 |
| 16:38 | LE | Dimo · first_building Siege Workshop |
| 17:16 | MatzeAoE · age_up castle |
| 17:19 | MatzeAoE · first_building Siege Workshop |
| 18:18 | LE | Dimo · first_building Stable |
| 18:53 | MatzeAoE · first_market_sell 100 food |
| 20:02 | MatzeAoE · first_building Stable |
| 23:36 | LE | Dimo · first_market_buy 100 stone |
| 23:52 | MatzeAoE · resign |
[ AI ANALYSIS · 1 CREDIT ]
What really happened in this match?
Wolo.gg analyzes every decision: build order, eco, micro, common mistakes by bracket. Personalized analysis on WhatsApp or Discord in 30 seconds.
Civ guide
Tatars
Perfil
Jugador #3216208